| TOP OF THE 1ST |
|
California Angels batting - Pitching for San Diego Padres : RHP Toby Williams
|
|
Pitching: RHP Toby Williams
|
|
|
Batting: LHB Javier Trujillo
|
0-0: Ball 1-0: Ball 2-0: Foul Ball, location: 2F 2-1: Fly out, F8 (Line Drive, 8RM, EV 99.4 MPH)
|
|
Batting: RHB Alain Delhaye
|
0-0: Ground out 1-3 (Groundball, 15S, EV 76.3 MPH)
|
|
Batting: SHB Aldo Questi
|
0-0: Ball 1-0: Ball 2-0: Called Strike 2-1: Ball 3-1: Base on Balls
|
|
Batting: RHB Preston Deakyne
|
0-0: Ball 1-0: Ball 2-0: Ball 3-0: Fly out, F8 (Flyball, 78M, EV 86.9 MPH)
|
| Top of the 1st over - 0 runs, 0 hits, 0 errors, 1 left on base; California 0 - San Diego 0 |
| BOTTOM OF THE 1ST |
|
San Diego Padres batting - Pitching for California Angels : RHP Danny White
|
|
Pitching: RHP Danny White
|
|
|
Batting: LHB Kevin Bellman
|
0-0: Called Strike 0-1: Ball 1-1: Called Strike 1-2: Foul Ball, location: 2F 1-2: Strikes out swinging
|
|
Batting: RHB Bobby Ayala
|
0-0: Called Strike 0-1: Called Strike 0-2: Ball 1-2: Ball 2-2: Ball 3-2: Fly out, F8 (Line Drive, 8LD, EV 89.4 MPH)
|
|
Batting: SHB Jerry Luckwell
|
0-0: Called Strike 0-1: Foul Ball, location: 2F 0-2: SOLO HOME RUN (Flyball, 8RXD, EV 112.5 MPH), Distance : 444 ft
|
|
Batting: LHB Mike Holt
|
0-0: Ball 1-0: Foul Ball, location: 2F 1-1: Foul Ball, location: 2F 1-2: Ground out U3 (Groundball, 34S, EV 85.0 MPH)
|
| Bottom of the 1st over - 1 run, 1 hit, 0 errors, 0 left on base; California 0 - San Diego 1 |
| TOP OF THE 2ND |
|
California Angels batting - Pitching for San Diego Padres : RHP Toby Williams
|
|
Batting: LHB Micah Miller
|
0-0: Swinging Strike 0-1: Ball 1-1: Foul Ball, location: 2F 1-2: Ball 2-2: Strikes out swinging
|
|
Batting: RHB Dietmar Warmisch
|
0-0: Ball 1-0: Ball 2-0: Called Strike 2-1: Called Strike 2-2: Ball 3-2: Base on Balls
|
|
Batting: LHB Jack Bell
|
0-0: Ball 1-0: Foul Ball, location: 2F 1-1: Ball 2-1: Ball 3-1: Foul Ball, location: 2F 3-2: Foul Ball, location: 2F 3-2: Fielders Choice at 2nd, 4-6 (Groundball, 4M, EV 100.0 MPH)
|
|
Batting: RHB Nick Dunn
|
0-0: Ball 1-0: Called Strike 1-1: Ball 2-1: Swinging Strike 2-2: Strikes out swinging
|
| Top of the 2nd over - 0 runs, 0 hits, 0 errors, 1 left on base; California 0 - San Diego 1 |
| BOTTOM OF THE 2ND |
|
San Diego Padres batting - Pitching for California Angels : RHP Danny White
|
|
Batting: LHB Per Meulengracht
|
0-0: Ball 1-0: Ground out U3 (Groundball, 34, EV 86.3 MPH)
|
|
Batting: RHB Chiel Palstermans
|
0-0: Ball 1-0: Swinging Strike 1-1: Fly out, F8 (Flyball, 8LM, EV 96.3 MPH)
|
|
Batting: LHB Andy Bowman
|
0-0: Ball 1-0: Foul Ball, location: 2F 1-1: Foul Ball, location: 2F 1-2: Foul Ball, location: 2F 1-2: Strikes out looking
|
| Bottom of the 2nd over - 0 runs, 0 hits, 0 errors, 0 left on base; California 0 - San Diego 1 |
| TOP OF THE 3RD |
|
California Angels batting - Pitching for San Diego Padres : RHP Toby Williams
|
|
Batting: RHB Gael Jones
|
0-0: Swinging Strike 0-1: Ball 1-1: Ball 2-1: Ball 3-1: Foul Ball, location: 2F 3-2: Foul Ball, location: 2F 3-2: Fly out, F9 (Flyball, 9, EV 88.1 MPH)
|
|
Batting: LHB Javier Trujillo
|
0-0: Ball 1-0: Foul Ball, location: 2F 1-1: Foul Ball, location: 2F 1-2: Ball 2-2: Ball 3-2: Foul Ball, location: 2F 3-2: Ground out 5-3 (Groundball, 56, EV 107.5 MPH)
|
|
Batting: RHB Alain Delhaye
|
0-0: Ball 1-0: Called Strike 1-1: Ball 2-1: Foul Ball, location: 2F 2-2: DOUBLE (Line Drive, 3D, EV 103.1 MPH)
|
|
Batting: SHB Aldo Questi
|
0-0: Foul Ball, location: 2F 0-1: Foul Ball, location: 2F 0-2: Fly out, F8 (Flyball, 89D, EV 95.6 MPH)
|
| Top of the 3rd over - 0 runs, 1 hit, 0 errors, 1 left on base; California 0 - San Diego 1 |
| BOTTOM OF THE 3RD |
|
San Diego Padres batting - Pitching for California Angels : RHP Danny White
|
|
Batting: RHB Alois Wollf
|
0-0: SINGLE (Line Drive, 78M, EV 98.8 MPH)
|
|
Batting: LHB Joseph Martin
|
Balk! Alois Wollf to second 0-0: Called Strike 0-1: Called Strike 0-2: Ball 1-2: Ground out 4-3 (Groundball, 4, EV 89.4 MPH) Alois Wollf to third
|
|
Batting: LHB Kevin Bellman
|
0-0: Called Strike 0-1: Called Strike 0-2: Strikes out looking
|
|
Batting: RHB Bobby Ayala
|
0-0: Ball 1-0: SINGLE (Line Drive, 56D, EV 95.6 MPH) Alois Wollf scores
|
|
Batting: SHB Jerry Luckwell
|
0-0: Ball 1-0: Ball 2-0: Called Strike 2-1: Ball 3-1: Base on Balls Bobby Ayala to second
|
|
Batting: LHB Mike Holt
|
0-0: Fly out, F3 (Popup, 3SF, EV 78.1 MPH)
|
| Bottom of the 3rd over - 1 run, 2 hits, 0 errors, 2 left on base; California 0 - San Diego 2 |
| TOP OF THE 4TH |
|
California Angels batting - Pitching for San Diego Padres : RHP Toby Williams
|
|
Batting: RHB Preston Deakyne
|
0-0: Ball 1-0: Ground out 4-3 (Groundball, 4, EV 76.9 MPH)
|
|
Batting: LHB Micah Miller
|
0-0: Ball 1-0: Called Strike 1-1: Ground out 5-3 (Groundball, 6, EV 86.3 MPH)
|
|
Batting: RHB Dietmar Warmisch
|
0-0: Foul Ball, location: 2F 0-1: Ball 1-1: Swinging Strike 1-2: Ball 2-2: Strikes out swinging
|
| Top of the 4th over - 0 runs, 0 hits, 0 errors, 0 left on base; California 0 - San Diego 2 |
| BOTTOM OF THE 4TH |
|
San Diego Padres batting - Pitching for California Angels : RHP Danny White
|
|
Batting: LHB Per Meulengracht
|
0-0: Ball 1-0: Called Strike 1-1: Foul Ball, location: 2F 1-2: Ball 2-2: Ball 3-2: Ground out 6-3 (Groundball, 4M, EV 87.5 MPH)
|
|
Batting: RHB Chiel Palstermans
|
0-0: Called Strike 0-1: Ball 1-1: Ball 2-1: Ground out 4-3 (Groundball, 34, EV 88.1 MPH)
|
|
Batting: LHB Andy Bowman
|
0-0: DOUBLE (Line Drive, 89D, EV 113.8 MPH)
|
|
Batting: RHB Alois Wollf
|
0-0: Ball 1-0: Ball 2-0: Ball Wild Pitch! Andy Bowman to third 3-0: Called Strike 3-1: Base on Balls
|
|
Batting: LHB Joseph Martin
|
0-0: Ball 1-0: Ball 2-0: Called Strike 2-1: Fly out, F9 (Flyball, 9D, EV 95.6 MPH)
|
| Bottom of the 4th over - 0 runs, 1 hit, 0 errors, 2 left on base; California 0 - San Diego 2 |
| TOP OF THE 5TH |
|
California Angels batting - Pitching for San Diego Padres : RHP Toby Williams
|
|
Batting: LHB Jack Bell
|
0-0: Ball 1-0: Called Strike 1-1: Fly out, F9 (Flyball, 9, EV 88.1 MPH)
|
|
Batting: RHB Nick Dunn
|
0-0: Ball 1-0: Foul Ball, location: 2F 1-1: Foul Ball, location: 2F 1-2: Foul Ball, location: 2F 1-2: Strikes out swinging, 2-3 out at first.
|
|
Batting: RHB Gael Jones
|
0-0: Called Strike 0-1: Ball 1-1: Ball 2-1: Ball 3-1: Called Strike 3-2: Fly out, F8 (Line Drive, 8RM, EV 95.0 MPH)
|
| Top of the 5th over - 0 runs, 0 hits, 0 errors, 0 left on base; California 0 - San Diego 2 |
| BOTTOM OF THE 5TH |
|
San Diego Padres batting - Pitching for California Angels : RHP Danny White
|
|
Batting: LHB Kevin Bellman
|
0-0: Ball 1-0: Foul Ball, location: 2F 1-1: Ball 2-1: Fly out, F8 (Flyball, 8RXD, EV 109.4 MPH)
|
|
Batting: RHB Bobby Ayala
|
0-0: Called Strike 0-1: Swinging Strike 0-2: Ball 1-2: SINGLE (Flyball, 6MD, EV 93.8 MPH)
|
|
Batting: SHB Jerry Luckwell
|
0-0: Foul Ball, location: 2F 0-1: Called Strike 0-2: Ball 1-2: 2-RUN HOME RUN (Flyball, 89XD, EV 98.8 MPH), Distance : 419 ft
|
|
Batting: LHB Mike Holt
|
0-0: Ball 1-0: Ball 2-0: Foul Ball, location: 2F 2-1: Fly out, F8 (Flyball, 8RS, EV 82.5 MPH)
|
|
Pitching: RHP George Rosario
|
|
|
Batting: LHB Per Meulengracht
|
0-0: Fly out, F7 (Flyball, 78S, EV 72.5 MPH)
|
| Bottom of the 5th over - 2 runs, 2 hits, 0 errors, 0 left on base; California 0 - San Diego 4 |
| TOP OF THE 6TH |
|
California Angels batting - Pitching for San Diego Padres : RHP Toby Williams
|
|
Batting: LHB Javier Trujillo
|
0-0: Called Strike 0-1: Swinging Strike 0-2: Ball 1-2: Ground out 4-3 (Groundball, 34, EV 104.4 MPH)
|
|
Batting: RHB Alain Delhaye
|
0-0: Fly out, F8 (Flyball, 8LD, EV 96.3 MPH)
|
|
Batting: SHB Aldo Questi
|
0-0: Ball 1-0: Ball 2-0: Swinging Strike 2-1: Ball 3-1: Foul Ball, location: 2F 3-2: Foul Ball, location: 2F 3-2: Foul Ball, location: 2F 3-2: Foul Ball, location: 2F 3-2: Foul Ball, location: 2F 3-2: Base on Balls
|
|
Batting: RHB Preston Deakyne
|
0-0: Ball 1-0: Swinging Strike 1-1: Ball 2-1: Fielders Choice at 2nd, U6 (Groundball, 6M, EV 111.3 MPH)
|
| Top of the 6th over - 0 runs, 0 hits, 0 errors, 1 left on base; California 0 - San Diego 4 |
| BOTTOM OF THE 6TH |
|
San Diego Padres batting - Pitching for California Angels : RHP George Rosario
|
|
Batting: RHB Chiel Palstermans
|
0-0: Foul Ball, location: 2F 0-1: Ball 1-1: Ball 2-1: Swinging Strike 2-2: Foul Ball, location: 2F 2-2: Ball 3-2: Base on Balls
|
|
Batting: LHB Andy Bowman
|
0-0: Ball 1-0: Called Strike Chiel Palstermans steals 2nd base 1-1: SINGLE (Groundball, 4M, EV 106.3 MPH) (infield hit) Chiel Palstermans to third
|
|
Batting: RHB Alois Wollf
|
0-0: Called Strike 0-1: Ball 1-1: Fly out, F7 (Flyball, 7D, EV 79.4 MPH)
|
|
Batting: LHB Joseph Martin
|
0-0: Ball 1-0: Called Strike 1-1: Ball 2-1: Ball 3-1: Base on Balls Andy Bowman to second
|
|
Batting: LHB Kevin Bellman
|
0-0: Ball 1-0: Ball 2-0: GRAND SLAM HOME RUN (Flyball, 89XD, EV 102.5 MPH), Distance : 412 ft
|
|
Pitching: RHP Barney Pederson
|
|
|
Batting: RHB Bobby Ayala
|
0-0: Called Strike 0-1: Foul Ball, location: 2F 0-2: Fly out, F7 (Flyball, 7LM, EV 87.5 MPH)
|
|
Batting: SHB Jerry Luckwell
|
0-0: Foul Ball, location: 2F 0-1: Ball 1-1: Foul Ball, location: 2F 1-2: SOLO HOME RUN (Flyball, 9LD, EV 91.9 MPH), Distance : 342 ft
|
|
Batting: LHB Mike Holt
|
0-0: Ball 1-0: Ball 2-0: Swinging Strike 2-1: Foul Ball, location: 2F 2-2: Foul Ball, location: 2F 2-2: Ball 3-2: Base on Balls
|
|
Batting: LHB Per Meulengracht
|
0-0: Ball 1-0: Ground out 4-3 (Groundball, 4, EV 86.9 MPH)
|
| Bottom of the 6th over - 5 runs, 3 hits, 0 errors, 1 left on base; California 0 - San Diego 9 |
| TOP OF THE 7TH |
|
California Angels batting - Pitching for San Diego Padres : RHP Toby Williams
|
|
Batting: LHB Micah Miller
|
0-0: Ball 1-0: Ball 2-0: Ball 3-0: Base on Balls
|
|
Batting: RHB Dietmar Warmisch
|
0-0: Ball 1-0: Called Strike 1-1: Ball 2-1: Called Strike 2-2: Grounds into double play, 4-6-3 (Groundball, 4M, EV 91.9 MPH)
|
|
Batting: LHB Jack Bell
|
0-0: SOLO HOME RUN (Flyball, 9D, EV 98.8 MPH), Distance : 375 ft
|
|
Batting: RHB Nick Dunn
|
0-0: Called Strike 0-1: Ball 1-1: Called Strike 1-2: Fly out, F9 (Flyball, 89D, EV 111.3 MPH)
|
| Top of the 7th over - 1 run, 1 hit, 0 errors, 0 left on base; California 1 - San Diego 9 |
| BOTTOM OF THE 7TH |
|
San Diego Padres batting - Pitching for California Angels : RHP Barney Pederson
|
|
Pinch Hitting: RHB Alberto Cotto
|
0-0: Fly out, F8 (Line Drive, 8LD, EV 101.9 MPH)
|
|
Batting: LHB Andy Bowman
|
0-0: Called Strike 0-1: Ball 1-1: Fly out, F7 (Flyball, 78S, EV 88.8 MPH)
|
|
Batting: RHB Alois Wollf
|
0-0: Ball 1-0: Called Strike 1-1: Foul Ball, location: 2F 1-2: Ball 2-2: Fly out, F5 (Popup, 5F, EV 68.8 MPH)
|
| Bottom of the 7th over - 0 runs, 0 hits, 0 errors, 0 left on base; California 1 - San Diego 9 |
| TOP OF THE 8TH |
|
California Angels batting - Pitching for San Diego Padres : RHP Toby Williams
|
|
Pitching: LHP Ricardo Chavez
|
|
|
Now at SS: Alberto Cotto
|
|
|
Batting: RHB Gael Jones
|
0-0: Foul Ball, location: 2F 0-1: Ball 1-1: Foul Ball, location: 2F 1-2: Ball 2-2: Strikes out swinging
|
|
Batting: LHB Javier Trujillo
|
0-0: Called Strike 0-1: Ball 1-1: Ball 2-1: Ground out U3 (Groundball, 3, EV 82.5 MPH)
|
|
Batting: RHB Alain Delhaye
|
0-0: Ball 1-0: Called Strike 1-1: Called Strike 1-2: Ball 2-2: Strikes out swinging
|
| Top of the 8th over - 0 runs, 0 hits, 0 errors, 0 left on base; California 1 - San Diego 9 |
| BOTTOM OF THE 8TH |
|
San Diego Padres batting - Pitching for California Angels : RHP Barney Pederson
|
|
Batting: LHB Joseph Martin
|
0-0: Ball 1-0: Swinging Strike 1-1: Ball 2-1: Swinging Strike 2-2: Foul Ball, location: 2F 2-2: Ball 3-2: Foul Ball, location: 2F 3-2: Foul Ball, location: 2F 3-2: Base on Balls
|
|
Pinch Hitting: LHB Xavier Pittman
|
0-0: Called Strike 0-1: Ball 1-1: Foul Ball, location: 2F 1-2: Ball 2-2: SINGLE (Groundball, 5S, EV 70.6 MPH) (infield hit) Joseph Martin to second
|
|
Pitching: RHP Joe Beam
|
|
|
Batting: RHB Bobby Ayala
|
0-0: Called Strike 0-1: Called Strike 0-2: Ball 1-2: Strikes out swinging
|
|
Batting: SHB Jerry Luckwell
|
0-0: Ball 1-0: Ball 2-0: Ball 3-0: Called Strike 3-1: Base on Balls Joseph Martin to third Xavier Pittman to second
|
|
Batting: LHB Mike Holt
|
0-0: Ball 1-0: Foul Ball, location: 2F 1-1: SINGLE (Line Drive, 56D, EV 98.8 MPH) Joseph Martin scores Xavier Pittman to third Jerry Luckwell to second Runner from 3rd tries for Home, throw by LF and OUT! 7-2
|
|
Pinch Hitting: LHB Chris Moody
|
0-0: Ball 1-0: Ball 2-0: Ball 3-0: Called Strike 3-1: Called Strike 3-2: Foul Ball, location: 2F 3-2: Fly out, F8 (Flyball, 8RXD, EV 98.8 MPH)
|
| Bottom of the 8th over - 1 run, 2 hits, 0 errors, 2 left on base; California 1 - San Diego 10 |
| TOP OF THE 9TH |
|
California Angels batting - Pitching for San Diego Padres : LHP Ricardo Chavez
|
|
Now at 3B: Alberto Cotto
|
|
|
Now at SS: Xavier Pittman
|
|
|
Now in LF: Chris Moody
|
|
|
Batting: SHB Aldo Questi
|
0-0: Ball 1-0: Called Strike 1-1: Ball 2-1: Ball 3-1: Base on Balls
|
|
Batting: RHB Preston Deakyne
|
0-0: Called Strike 0-1: Called Strike 0-2: Foul Ball, location: 2F 0-2: Ball 1-2: Ball 2-2: Foul Ball, location: 2F 2-2: Ball 3-2: Foul Ball, location: 2F 3-2: Foul Ball, location: 2F 3-2: Base on Balls Aldo Questi to second
|
|
Pinch Hitting: RHB Danny Odom
|
0-0: Swinging Strike 0-1: Ball 1-1: Ball 2-1: Foul Ball, location: 2F 2-2: Ball 3-2: Base on Balls Aldo Questi to third Preston Deakyne to second
|
|
Batting: RHB Dietmar Warmisch
|
0-0: Foul Ball, location: 2F 0-1: Ball 1-1: Swinging Strike Passed Ball! Aldo Questi scores Preston Deakyne to third Danny Odom to second 1-2: Ball 2-2: Strikes out looking
|
|
Pinch Hitting: RHB Curt Earnest
|
0-0: Called Strike 0-1: Called Strike 0-2: Foul Ball, location: 2F 0-2: Ball 1-2: Foul Ball, location: 2F 1-2: Foul Ball, location: 2F 1-2: Strikes out looking
|
|
Batting: RHB Nick Dunn
|
0-0: Called Strike 0-1: Ball 1-1: Ball 2-1: Ball 3-1: Base on Balls
|
|
Batting: RHB Gael Jones
|
0-0: Ball 1-0: Called Strike 1-1: Ball 2-1: Ball 3-1: Base on Balls Preston Deakyne scores Danny Odom to third Nick Dunn to second
|
|
Batting: LHB Javier Trujillo
|
0-0: Called Strike 0-1: Ball 1-1: Ball 2-1: Ball 3-1: Foul Ball, location: 2F 3-2: DOUBLE (Flyball, 78D, EV 89.4 MPH) Danny Odom scores Nick Dunn scores Gael Jones to third Gael Jones scores
|
|
Pitching: RHP Jack Overbeek
|
|
|
Batting: RHB Alain Delhaye
|
0-0: Swinging Strike 0-1: Swinging Strike 0-2: Foul Ball, location: 2F 0-2: Ball 1-2: Strikes out swinging
|
| Top of the 9th over - 5 runs, 1 hit, 0 errors, 1 left on base; California 6 - San Diego 10 |
|